 Dungeon Crawl Stone Soup version 0.31-a0-844-gdc52ec4e09 (webtiles) character file.

Game seed: 15895660866959280694

102 Shayle the Conjurer (level 4, -3/34 HPs)
             Began as a Demonspawn Reaver on Sept 28, 2023.
             Splashed by a jelly's acid (6 damage)
             ... on level 4 of the Dungeon on Sept 29, 2023.
             The game lasted 00:03:21 (2444 turns).

Shayle the Conjurer (Demonspawn Reaver)             Turns: 2444, Time: 00:03:22

Health: -3/34      AC: -10   Str: 13    XL:     4   Next: 49%
Magic:  8/8        EV: 10    Int: 16    God:
Gold:   131        SH:  0    Dex: 11    Spells: 7/8 levels left

rFire   . . .        a - +0 spear
rCold   . . .        (no shield)
rNeg    . . .        n - +0 ring mail
rPois   .            (no helmet)
rElec   .            (no cloak)
rCorr   .            (no gloves)
SInv    .            (no boots)
Will    .....        (no amulet)
Stlth   +            (no ring)
HPRegen 0.25/turn    (no ring)
MPRegen 0.11/turn

%: no passive effects
@: corroded
A: foul stench 1
a: no special abilities


You were on level 4 of the Dungeon.
You visited 1 branch of the dungeon, and saw 4 of its levels.

You collected 131 gold pieces.

Inventory:

Hand Weapons
 a - a +0 spear (weapon)
Armour
 b - a +0 leather armour
 n - a +0 ring mail (worn)
Jewellery
 f - a ring of ice
Scrolls
 c - a scroll of fog {unknown}
 d - a scroll of enchant armour
 g - a scroll of noise {unknown}
 j - a scroll of butterflies {unknown}
 k - 5 scrolls of teleportation {unknown}
 l - 2 scrolls of poison {unknown}
 o - a scroll of torment {unknown}
 p - a scroll of immolation {unknown}
Potions
 e - a potion of resistance
 h - 2 potions of curing {unknown}
 i - a potion of haste {unknown}
 m - a potion of attraction {unknown}
 q - a potion of mutation {unknown}


   Skills:
 + Level 2.9 Fighting
 - Level 2.6 Polearms
 + Level 1.6 Armour
 - Level 1.7 Dodging
 + Level 2.7 Spellcasting
 - Level 3.0 Conjurations
 + Level 2.1 Necromancy


You had 7 spell levels left.
You knew the following spells:

 Your Spells              Type           Power      Damage    Failure   Level
a - Kiss of Death         Conj/Necr      40%        2d8       14%         1

Your spell library contained the following spells:

 Spells                   Type           Power      Damage    Failure   Level
 Momentum Strike          Conj/Tloc      12%        3d8       32%         2
 Blink                    Tloc           4%         N/A       52%         2
 Hailstorm                Conj/Ice       6%         3d4       54%         3
 Manifold Assault         Tloc           2%         N/A       99%         4


Dungeon Overview and Level Annotations

Branches:
Dungeon (4/15)             Temple (0/1) D:4

Altars:


Innate Abilities, Weirdness & Mutations

You may rarely emit foul miasma when damaged in melee.


Message History

You climb upwards.
There is a stone staircase leading down here.
You hit the endoplasm.
You kill the endoplasm!
There is a stone staircase leading down here.
Okay, then.
You climb downwards.
The jelly closely misses you. The jelly misses you.
There is a stone staircase leading up here.
You hit the jelly.
Your hands burn!
The jelly is lightly wounded.
The jelly hits you but does no damage.
You hit the jelly but do no damage.
Your hands burn!
The jelly is lightly wounded.
The jelly hits you but does no damage.
You hit the jelly.
Your hands burn!
The jelly is moderately wounded.
The jelly hits you but does no damage.
You hit the jelly.
Your hands burn!
The jelly is heavily wounded.
The jelly barely misses you.
You completely miss the jelly.
The jelly is heavily wounded.
The jelly hits you but does no damage.
You hit the jelly but do no damage. The acid corrodes you!
Your hands burn!
The jelly is heavily wounded.
The jelly barely misses you.
You hit the jelly but do no damage. The acid corrodes you!
Your hands burn!
The jelly is heavily wounded.
The jelly barely misses you.
You hit the jelly. The acid corrodes you!
Your hands burn!
The jelly is heavily wounded.
The jelly hits you. The acid corrodes you!
You are splashed with acid!
* * * LOW HITPOINT WARNING * * *
You hit the jelly.
Your hands burn!
* * * LOW HITPOINT WARNING * * *
The jelly is severely wounded.
The jelly hits you.
* * * LOW HITPOINT WARNING * * *
You are splashed with acid.
You die...

#############
#...........#
#...........#
#...........#
#...........# .
#...........#
##.#...J.......#
.......@.....<>#
...............##
................#
.$.........###.#..
............#
.....
...##^......# ....
...##.......# ...
............#
>..........#


You could see a jelly.

Vanquished Creatures
  A howler monkey (D:3)
  An adder (D:3)
  2 dart slugs
  An orc (D:3)
  4 ball pythons
  5 bats
  6 endoplasms
  9 hobgoblins
  9 kobolds
  2 quokkas (D:1)
  4 frilled lizards
  2 goblins (D:2)
  5 rats
51 creatures vanquished.

Notes
Turn   | Place    | Note
-------+----------+-------------------------------------------
     0 | D:1      | Shayle the Demonspawn Reaver began the quest for the Orb.
     0 | D:1      | Reached XP level 1. HP: 16/16 MP: 3/3
   145 | D:1      | Gained mutation: You may rarely emit foul miasma when
                  | damaged in melee. [demonic ancestry]
   145 | D:1      | Reached XP level 2. HP: 20/22 MP: 5/5
   235 | D:1      | Reached skill level 1 in Necromancy
   504 | D:1      | Reached skill level 1 in Armour
  1007 | D:2      | Reached XP level 3. HP: 28/28 MP: 6/6
  1496 | D:2      | Upgraded the game from 0.31-a0-841-g038b102fc3 to
                  | 0.31-a0-844-gdc52ec4e09
  1900 | D:3      | Reached XP level 4. HP: 29/34 MP: 6/8
  2222 | D:3      | Found a faded altar of an unknown god.
  2426 | D:4      | Found a staircase to the Ecumenical Temple.
  2444 | D:4      | Splashed by a jelly's acid

Illustrated notes

Levels and vault maps discovered:
D:1:      wander_arrival_fairy_ring, layout_basic, st_stairs_13,
          minmay_misc_feat_alley
D:2:      layout_basic
D:3:      layout_loops_ring, nicolae_tso_swordbearing_angel,
          basic_ecumenical_altar
D:4:      layout_basic, trog_wizard, minmay_temple_entry_stoned_glass,
          uniq_edmund, uniq_crazy_yiuf_cottage

Skill      XL: |  1  2  3 |
---------------+----------+-----
Necromancy     | 1 2 |  2.1
Armour         | 1 |  1.6
Fighting       | |  2.9
Polearms       | |  2.6
Dodging        | |  1.7
Spellcasting   | |  2.7
Conjurations   | |  3.0

Action                     |  1- 3 |  4- 6 || total
---------------------------+-------+-------++-------
  Melee: Spear             |   147 |    30 ||   177
         Punch             |     3 |       ||     3
    Use: Scroll            |     2 |       ||     2
 Armour: Leather armour    |    54 |       ||    54
         Ring mail         |     3 |    14 ||    17
  Dodge: Dodged            |    47 |    10 ||    57

Table legend: (Time is in decaauts)
 A = Elapsed time spent in this place.
 B = Non-inter-level travel time spent in this place.
 C = Inter-level travel time spent in this place.
 D = Time resting spent in this place.
 E = Time spent auto-exploring this place.
 F = Levels seen in this place.
 G = Mean time per level.
                   A        B        C        D        E       F      G
               +--------+--------+--------+--------+--------+-----+--------+
         Total |   2438 |   2301 |    137 |      0 |   1930 |   4 |  609.5 |
       Dungeon |   2438 |   2301 |    137 |      0 |   1930 |   4 |  609.5 |
               +--------+--------+--------+--------+--------+-----+--------+

Top non-repeatable levels by time:
     D:2: 952 daAuts
     D:3: 852 daAuts
     D:1: 608 daAuts
     D:4: 25 daAuts
